 Dungeon Crawl Stone Soup version 0.31-a0-664-g902f515a81 (webtiles) character file.

Game seed: 11093958795792785681

1477611 MrSquiggles the Hellbinder (level 27, 245/245 HPs)
             Began as a Barachi Monk on Aug 30, 2023.
             Was the Champion of Makhleb.
             Escaped with the Orb
             ... and 3 runes on Sept 2, 2023!
             The game lasted 06:39:34 (88298 turns).

MrSquiggles the Hellbinder (Barachi Monk)          Turns: 88298, Time: 06:39:35

Health: 245/245    AC: 16    Str: 19    XL:     27
Magic:  21/39      EV: 35    Int: 22    God:    Makhleb [******]
Gold:   3536       SH:  0    Dex: 20    Spells: 2/50 levels left

rFire   + . .        Q - +7 demon trident (venom)
rCold   . . .        d - orb {light}
rNeg    + . .        J - +2 robe {rPois}
rPois   +            l - +2 helmet {Int+3}
rElec   .            b - +2 cloak {rF+}
rCorr   .            G - +3 pair of gauntlets of War {Slay+5}
SInv    +            L - +2 pair of boots {rampage}
Will    +++..        B - amulet of magic regeneration
Stlth   +            Y - ring "Vuutir" {rN+ EV+5 Str+6}
HPRegen 0.60/turn    D - ring of willpower
MPRegen 0.66/turn

%: rampage
@: calling dragons, unable to hop, glowing, studying Throwing, slow
A: amphibious, slowness 1, strong legs 2, +LOS, see invisible, deformed body,
MP-powered wands
0: Orb of Zot
}: 3/15 runes: decaying, serpentine, silver
a: Hop, Renounce Religion, Minor Destruction, Lesser Servant of Makhleb, Major
Destruction, Greater Servant of Makhleb


You escaped.
You worshipped Makhleb.
Makhleb was exalted by your worship.
You visited 11 branches of the dungeon, and saw 49 of its levels.
You visited the Abyss 2 times.
You visited 1 bazaar.
You also visited: Trove, Sewer and Volcano.

You collected 8818 gold pieces.
You spent 5282 gold pieces at shops.

Inventory:

Hand Weapons
 a - a +5 broad axe of flaming
 Q - a +7 demon trident of venom (weapon)
Missiles
 x - 3 throwing nets
 E - 11 curare-tipped darts
Armour
 b - a +2 cloak of fire resistance (worn)
 d - an orb of light (worn)
 l - a +2 helmet of intelligence (worn)
 n - a +2 robe of cold resistance
 p - a +2 robe of willpower
 G - the +3 pair of gauntlets of War (worn) {Slay+5}
   (You bought it in a shop in a bazaar)

   Slay+5:    It affects your accuracy & damage with ranged weapons and melee
   (+5).
 J - a +2 robe of poison resistance (worn)
 L - a +2 pair of boots of rampaging (worn)
Jewellery
 c - a ring of wizardry
 j - a ring of protection from fire
 m - a +4 ring of protection
 B - an amulet of magic regeneration (around neck)
 D - a ring of willpower (right hand)
 H - a ring of flight
 M - a ring of ice
 T - a ring of positive energy
 Y - the ring "Vuutir" (left hand) {rN+ EV+5 Str+6}
   (You bought it in a shop on level 4 of the Depths)

   [ring of evasion]

   EV+5:      It affects your evasion (+5).
   Str+6:     It affects your strength (+6).
   rN+:       It protects you from negative energy.
Wands
 k - a wand of mindburst (59)
 y - a wand of paralysis (49)
 F - a wand of polymorph (10)
 O - a wand of flame (93)
 V - a wand of roots (21)
 W - a wand of light (3)
Scrolls
 g - 13 scrolls of teleportation
 i - a scroll of fear
 o - 5 scrolls of vulnerability
 q - a scroll of immolation
 s - a scroll of summoning
 u - 8 scrolls of fog
 v - 2 scrolls of revelation
 K - 3 scrolls of noise
 U - a scroll of silence
 X - a scroll of blinking
 Z - 6 scrolls of poison
Potions
 e - a potion of heal wounds
 f - 15 potions of lignification
 h - 5 potions of brilliance
 r - 5 potions of cancellation
 w - 4 potions of magic
 z - 2 potions of might
 A - 3 potions of invisibility
 C - 3 potions of ambrosia
 I - 4 potions of berserk rage
 N - 14 potions of curing
 P - a potion of resistance
 S - 10 potions of enlightenment


   Skills:
 + Level 26.0 Fighting
 - Level 14.0 Polearms
 + Level 24.4 Dodging
 - Level 12.0 Spellcasting
 - Level 2.0 Hexes
 O Level 27 Summonings
 - Level 4.0 Transmutations
 - Level 4.0 Ice Magic
 - Level 3.0 Earth Magic
 + Level 20.4 Invocations


You had 2 spell levels left.
You knew the following spells:

 Your Spells              Type           Power      Damage    Failure   Level
a - Passwall              Tmut/Erth      23%        N/A       1%          2
b - Wereblood             Tmut           30%        N/A       1%          2
c - Monstrous Menagerie   Summ           46%        N/A       1%          7
d - Dragon's Call         Summ           46%        N/A       8%          9
e - Summon Cactus Giant   Summ           46%        N/A       0%          6
f - Summon Mana Viper     Hex/Summ       67%        N/A       1%          5
g - Summon Hydra          Summ           46%        N/A       1%          7
h - Summon Horrible Thin  Summ           46%        N/A       1%          8
i - Blink                 Tloc           26%        N/A       8%          2

Your spell library contained the following spells:

 Spells                   Type           Power      Damage    Failure   Level
 Summon Small Mammal      Summ           100%       N/A       0%          1
 Sandblast                Erth           52%        2d12      1%          1
 Slow                     Hex            88%        N/A       2%          1
 Sting                    Tmut/Pois      88%        1d7       2%          1
 Ensorcelled Hibernation  Hex/Ice        52%        N/A       2%          2
 Apportation              Tloc           26%        N/A       4%          1
 Foxfire                  Conj/Fire      52%        2x1d6     4%          1
 Kiss of Death            Conj/Necr      52%        2d9       4%          1
 Magic Dart               Conj           52%        1d5       4%          1
 Necrotise                Necr           52%        1d6       4%          1
 Shock                    Conj/Air       52%        1d6       4%          1
 Cigotuvi's Dreadful Rot  Necr/Pois/Air  26%        N/A       8%          2
 Lesser Beckoning         Tloc           26%        N/A       8%          2
 Momentum Strike          Conj/Tloc      26%        3d8       8%          2
 Scorch                   Fire           26%        2d6       8%          2
 Sublimation of Blood     Necr           13%        N/A       8%          2
 Call Canine Familiar     Summ           93%        N/A       0%          3
 Summon Guardian Golem    Hex/Summ       67%        N/A       1%          3
 Summon Ice Beast         Ice/Summ       69%        N/A       1%          4
 Summon Forest            Summ/Tloc      32%        N/A       1%          5
 Confusing Touch          Hex            22%        N/A       6%          3
 Hailstorm                Conj/Ice       22%        3d7       6%          3
 Stone Arrow              Conj/Erth      38%        3d9       8%          3
 Ignite Poison            Fire/Tmut/Pois 19%        N/A       9%          3
 Dazzling Flash           Conj/Hex       34%        N/A       10%         3
 Inner Flame              Hex/Fire       17%        N/A       10%         3
 Portal Projectile        Hex/Tloc       34%        N/A       10%         3
 Petrify                  Tmut/Erth      28%        N/A       12%         4
 Swiftness                Air            13%        N/A       14%         3
 Vampiric Draining        Necr           13%        2d6       14%         3
 Volatile Blastmotes      Fire/Tloc      26%        2d12      14%         3
 Haunt                    Necr/Summ      32%        N/A       16%         7
 Malign Gateway           Summ/Tloc      32%        N/A       16%         7
 Spellforged Servitor     Conj/Summ      32%        N/A       16%         7
 Leda's Liquefaction      Hex/Erth       12%        N/A       17%         4
 Cause Fear               Hex            11%        N/A       22%         4
 Anguish                  Hex/Necr       8%         N/A       32%         4
 Lee's Rapid Deconstruct  Erth           13%        3d9*      36%         5
 Yara's Violent Unravell  Hex/Tmut       13%        3d7       36%         5
 Airstrike                Air            6%         2d(1-17)  43%         4
 Animate Dead             Necr           13%        N/A       43%         4
 Dispel Undead            Necr           13%        3d9       43%         4
 Flame Wave               Conj/Fire      13%        2d6       43%         4
 Passage of Golubria      Tloc           13%        N/A       43%         4
 Sticky Flame             Conj/Fire      13%        2d4       43%         4
 Irradiate                Conj/Tmut      11%        3d15      52%         5
 Borgnjor's Vile Clutch   Necr/Erth      9%         N/A       58%         5
 Freezing Cloud           Conj/Ice/Air   9%         6-21      63%         5
 Silence                  Hex/Air        8%         N/A       65%         5
 Agony                    Necr           13%        N/A       80%         5
 Fireball                 Conj/Fire      6%         3d5       80%         5
 Iskenderun's Battlesphe  Conj           13%        2d7       80%         5
 Eringya's Noxious Bog    Tmut/Pois      11%        4d6       97%         6
 Simulacrum               Ice/Necr       11%        N/A       97%         6
 Leda's Unmaking          Conj/Erth      9%         9d2       99%         6
 Conjure Ball Lightning   Conj/Air       6%         3x3d6     100%        6
 Death Channel            Necr           6%         N/A       100%        6
 Plasma Beam              Fire/Air       6%         2x1d17    100%        6
 Starburst                Conj/Fire      6%         6d4       100%        6
 Enfeeble                 Hex            11%        N/A       100%        7
 Orb of Destruction       Conj           6%         9d6       100%        7
 Discord                  Hex            11%        N/A       100%        8
 Disjunction              Tloc           6%         N/A       100%        8
 Ignition                 Fire           6%         3d4       100%        8
 Infestation              Necr           6%         N/A       100%        8
 Lehudib's Crystal Spear  Conj/Erth      9%         10d4      100%        8
 Maxwell's Capacitive Co  Air            6%         ∞         100%        8
 Chain Lightning          Conj/Air       6%         3d8       100%        9
 Fire Storm               Conj/Fire      6%         8d2       100%        9
 Shatter                  Erth           13%        3d13*     100%        9


Dungeon Overview and Level Annotations

Branches:
Dungeon (15/15)            Temple (1/1) D:7            Lair (5/5) D:10
  Swamp (4/4) Lair:2        Snake (4/4) Lair:2        Slime (0/5) Lair:4
    Orc (2/2) D:9             Elf (3/3) Orc:2        Vaults (5/5) D:13
  Crypt (1/3) Vaults:2     Depths (4/4) D:15            Zot (5/5) Depths:4
  Sewer (visited)         Volcano (visited)

Altars:
Ashenzari
Cheibriados
Dithmenos
Elyvilon
Fedhas
Gozag
Hepliaklqana
Kikubaaqudgha
Makhleb
Nemelex Xobeh
Okawaru
Qazlal
Ru
Sif Muna
Trog
Uskayaw
Vehumet
Wu Jian
Xom
Yredelemnul
Zin
The Shining One
Jiyva

Shops:
D:4 ?   D:8 *   D:10 ?   Orc:2 (?:=(   Elf:1 =[:?(   Elf:2 (   Snake:2 **[[
Snake:3 *   Vaults:1 *[   Depths:4 =

Portals:
Hell: Depths:1 Depths:2 Depths:3 Depths:4
Abyss: Depths:1 Depths:3 Depths:4
Pandemonium: Depths:2 Depths:4
Ziggurat: Depths:3

Annotations:
D:15 Roxanne
Swamp:4 1 runed translucent door, Loveship's ghost, adept NaSh
Elf:2 5 runed translucent doors


Innate Abilities, Weirdness & Mutations

You are amphibious.
You cover ground slowly.
You can hop long distances.
You have an extended range of vision and can be seen from far away.
You have supernaturally acute eyesight. (SInv)
Armour fits poorly on your strangely shaped body.
You expend magic power (3 MP) to strengthen your wands.


Message History

Your iron dragon bites the cacodemon!!
The cacodemon dies!
Makhleb accepts your kill.
You feel your strength returning.
Unknown command.
Unknown command.
The tormentor hits your iron dragon but does no damage.
The tormentor closely misses your iron dragon.
Your large abomination closely misses the tormentor.
You climb upwards.
Your summoned ally is left behind.
There is a stone staircase leading down here.
Unknown command.
An Orb Guardian comes into view.
Casting: Summon Horrible Things (mildly dangerous; 1% risk of failure)
Confirm with . or Enter, or press ? or * to list all spells.
Aiming: Passwall (safe; 1% risk of failure)
Press: ? - help, Dir - move target A rock wall.
This square is lit by a halo and is covered in magical glow.
You begin to meditate on the wall.
You continue meditating on the rock.
A dragon arrives to answer your call!
The Orb Guardian hits your storm dragon but does no damage.
Your storm dragon bites the Orb Guardian.
Your storm dragon claws the Orb Guardian but does no damage.
Your storm dragon tramples the Orb Guardian but does no damage.
The Orb Guardian closely misses your storm dragon.
Your fire dragon breathes flames at the Orb Guardian.
The blast of flame hits the Orb Guardian!!!
You continue meditating on the rock.
The Orb Guardian hits your fire dragon!!!
Your storm dragon bites the Orb Guardian but does no damage.
Your storm dragon barely misses the Orb Guardian.
Your storm dragon tramples the Orb Guardian!
The Orb Guardian holds its ground!
Your fire dragon closely misses the Orb Guardian.
Your fire dragon claws the Orb Guardian but does no damage.
Your fire dragon tramples the Orb Guardian but does no damage.
You finish merging with the rock.
HP restored.
You have escaped!

#.##### #.###....### #.....#
##.'...#...# ###.#.###
####.###.## #.#...## #D# #.##
#.#.#..# ##X# #..# #.#.##.##
###D.####.#
##..##..###..#..###.#
###>.####.####.##..#####
###..####.# #@....##...##
####..##...#.# ###..#.#.#..#
....#.##.#.#.##########.##.##
########................##..#
####################'###
#............# #............#
#............# #............#
#


There were no monsters in sight!

Vanquished Creatures
  2 Killer Klowns
  2 golden dragons
  2 bone dragons (Depths:4)
  An electric golem (Zot:5)
  5 tentacled monstrosities
  6 Orb Guardians (Zot:5)
  A deep elf blademaster (Elf:3)
  A quicksilver dragon (Zot:4)
  A walking divine tome (Depths:3)
  A titan (Vaults:5)
  A sphinx (Vaults:5)
  4 death cobs
  2 tengu reavers (Vaults:5)
  A shadow dragon (Zot:5)
  6 storm dragons
  4 fire giants
  A draconian knight (Depths:4)
  2 nagarajas (Snake:4)
  8 vault wardens
  2 draconian scorchers (Zot:4)
  A deep elf elementalist (Elf:3)
  A draconian annihilator (Zot:4)
  3 ghost moths
  2 stone giants
  3 ironbound preservers
  A draconian stormcaller (Zot:4)
  An orc warlord (Vaults:2)
  2 very ugly things
  2 formless jellyfish (Vaults:4)
  3 deep elf demonologists (Elf:3)
  3 ironbound thunderhulks
  An eleionoma (Swamp:3)
  A black draconian (Zot:1)
  3 red draconians
  2 purple draconians (Zot:4)
  2 deep elf annihilators
  2 yellow draconians
  A lorocyproca (Abyss:3)
  2 white draconians
  5 ettins
  2 fire dragons
  A deep elf high priest (Elf:1)
  4 yaktaur captains
  An ice dragon (Depths:2)
  25 vault guards
  2 great orbs of eyes (Vaults:4)
  3 spriggan air magi
  A peacekeeper (Vaults:4)
  An ogre mage (Vaults:5)
  10 hydras
  An ironbound frostheart (Vaults:3)
  4 anacondas
  6 alligators
  2 catoblepae (D:13)
  3 two-headed ogres
  A dancing weapon (Elf:2)
  5 centaur warriors
  2 death yaks
  2 boulder beetles
  4 naga warriors
  7 tengu warriors
  2 deep troll shamans
  A shock serpent (shapeshifter) (Vaults:5)
  A spriggan berserker (Depths:4)
  A thrashing horror (Abyss:3)
  2 deep troll earth magi
  A vampire mage (Depths:3)
  2 hell knights
  Nergalle (Orc:2)
  A deep elf knight (Elf:3)
  A skeletal warrior (Vaults:2)
  An orange crystal statue (Snake:1)
  A bog body (Swamp:4)
  3 swamp dragons
  A glowing orange brain (Vaults:2)
  9 deep trolls
  2 sea snakes (Snake:4)
  A phantasmal warrior (Vaults:5)
  5 ironbound convokers
  A naga ritualist (Snake:4)
  4 wizards
  A flayed ghost (Depths:2)
  A glowing orange brain (shapeshifter) (Vaults:5)
  8 deep elf zephyrmancers
  A lindwurm (Vaults:3)
  2 mana vipers
  3 necromancers
  3 orc knights
  8 deep elf pyromancers
  A harpy (Vaults:1)
  2 ugly things
  3 manticores
  3 cyclopes
  5 orc sorcerers (Orc:2)
  7 elephants
  5 naga magi
  4 guardian serpents
  4 moths of wrath
  5 vault sentinels
  14 black mambas
  A torpor snail (Lair:5)
  2 human skeletons (Vaults:2)
  An unseen horror (D:10)
  An orange demon (Depths:2)
  7 cane toads
  2 gargoyles (Volcano)
  A rime drake (Lair:5)
  6 yaktaurs
  3 komodo dragons
  An ancient zyme (Abyss:3)
  2 trolls
  A yaktaur skeleton (Vaults:2)
  A hellwing (Abyss:3)
  5 polar bears
  3 tyrant leeches
  17 blink frogs
  8 hornets
  3 dream sheep (Lair:5)
  12 slime creatures
  An air elemental (Elf:3)
  8 spriggans
  62 yaks
  4 wyverns
  2 water elementals
  A steam dragon (D:9)
  6 vampire mosquitoes
  2 neqoxecs
  7 redbacks (Depths:3)
  7 nagas
  2 swamp worms (Swamp:3)
  15 water moccasins
  2 ogre skeletons (Vaults:2)
  6 small abominations
  A glowing shapeshifter skeleton (Vaults:2)
  4 sky beasts
  9 black bears
  3 large abominations (Depths:3)
  40 wolves
  18 orc warriors
  5 ogres
  7 boggarts
  6 centaurs
  2 phantoms
  A kobold brigand (D:6)
  A gnoll sergeant (D:8)
  2 scorpions (D:4)
  6 bullfrogs
  An earth elemental (Elf:1)
  14 wights
  10 killer bees
  A howler monkey (D:11)
  10 nameless horrors
  A crimson imp (Abyss:3)
  4 hounds
  A jelly (D:6)
  11 orc priests
  2 sleepcaps
  3 iguanas
  23 orc wizards
  Robin (D:4)
  7 gnolls
  7 adders
  2 river rats (D:5)
  A shadow imp (D:5)
  4 white imps
  2 worms
  A dart slug (D:2)
  71 orcs
  4 ball pythons
  4 endoplasms
  4 giant cockroaches
  9 hobgoblins
  5 jackals
  3 quokkas (D:3)
  14 bats
  11 frilled lizards
  17 goblins
  15 kobolds
  10 rats
882 creatures vanquished.

Vanquished Creatures (collateral kills)
  5 dread liches
  An ancient lich (Vaults:5)
  8 orbs of fire
  A juggernaut (Depths:4)
  the Lernaean hydra (Swamp:4)
  Saint Roka (Depths:2)
  5 Killer Klowns
  A curse toe (Zot:5)
  9 golden dragons
  Jory (Vaults:4)
  11 tentacled monstrosities
  An electric golem (Zot:5)
  A lich (Depths:4)
  20 Orb Guardians
  4 titans
  A deep elf blademaster (Elf:3)
  A walking earthen tome (Depths:4)
  2 deep elf master archers (Elf:3)
  8 quicksilver dragons
  3 sphinxes
  Asterion (Elf:1)
  7 death cobs
  9 shadow dragons
  Agnes (Elf:1)
  11 storm dragons
  8 draconian monks
  2 thorn hunters
  A storm dragon (shapeshifter) (Depths:2)
  3 tengu reavers
  Donald (Snake:1)
  7 nagarajas
  An iron dragon (Zot:1)
  6 draconian knights
  9 fire giants
  3 deep elf sorcerers
  3 frost giants
  8 draconian scorchers
  13 vault wardens
  3 deep elf elementalists
  3 draconian shifters
  A ghost moth (Zot:4)
  4 draconian stormcallers
  3 orc warlords
  A caustic shrike skeleton (Depths:1)
  13 ironbound preservers
  A cacodemon (D:2)
  An ophan (Abyss:3)
  A war gargoyle (Vaults:5)
  5 draconian annihilators
  9 stone giants
  6 ironbound thunderhulks
  A spriggan defender (Depths:1)
  4 black draconians
  13 very ugly things
  A vampire knight (Depths:3)
  A stone giant (shapeshifter) (Vaults:2)
  7 green draconians
  21 white draconians
  4 red draconians
  2 eleionomae (Swamp:3)
  12 yellow draconians
  2 deep elf demonologists
  2 bunyips (Swamp:3)
  3 deep elf annihilators
  4 spark wasps
  8 purple draconians
  3 ettins
  Snorg (D:11)
  2 jiangshi (Depths:3)
  7 deep elf death magi
  5 crystal guardians
  2 entropy weavers
  18 fire dragons
  5 shambling mangroves
  5 deep elf high priests
  Erolcha (Orc:2)
  12 yaktaur captains
  A juggernaut simulacrum (Abyss:3)
  7 ice dragons
  3 great orbs of eyes
  13 vault guards
  4 peacekeepers
  Fannar (Lair:2)
  3 rakshasas (Depths:1)
  4 spriggan air magi
  18 hydras
  3 ghost crabs
  A catoblepas (Lair:1)
  14 alligators
  A hell beast (Depths:2)
  7 anacondas
  9 ironbound frosthearts
  3 ogre magi
  4 two-headed ogres
  7 centaur warriors
  10 dancing weapons
  11 tengu warriors
  2 boulder beetles (D:14)
  A demonic crawler (Abyss:3)
  3 deep troll shamans
  14 naga warriors
  A deep troll earth mage (Vaults:5)
  2 vampire magi
  2 thrashing horrors (Abyss:3)
  3 death yaks (Lair:4)
  14 naga sharpshooters
  7 shock serpents
  9 hell knights
  11 deep elf knights
  2 spriggan berserkers (Depths:4)
  A death drake (Swamp:4)
  4 goliath frogs
  A salamander mystic (Snake:2)
  Amaemon (Lair:2)
  3 iron trolls (Vaults:5)
  5 sea snakes (Snake:4)
  4 skeletal warriors (Vaults:2)
  24 deep trolls
  2 sixfirhies
  12 swamp dragons
  12 deep elf archers
  3 glowing orange brains
  An obsidian statue (Elf:3)
  18 ironbound convokers
  A flayed ghost (Vaults:5)
  3 spriggan druids
  7 naga ritualists
  4 wizards
  10 bog bodies
  3 necromancers
  2 harpies (Vaults:1)
  A phantasmal warrior (Vaults:2)
  20 deep elf pyromancers
  A lindwurm (shapeshifter) (Vaults:5)
  23 deep elf zephyrmancers
  5 lindwurms
  8 orc knights
  15 ugly things
  4 orc sorcerers
  3 will-o-the-wisps
  A wolf spider (D:14)
  11 mana vipers
  A stone giant zombie (Depths:1)
  3 oklob plants (Lair:4)
  A manticore (D:14)
  A salamander (shapeshifter) (D:15)
  4 cyclopes
  A fire giant skeleton (Depths:1)
  12 salamanders
  24 moths of wrath
  5 elephants
  A guardian serpent (shapeshifter) (Depths:2)
  An elephant (shapeshifter) (Vaults:5)
  9 guardian serpents
  5 nameless horrors
  27 black mambas
  A molten gargoyle (Volcano)
  A stone giant skeleton (Vaults:2)
  18 naga magi
  2 orange demons
  3 smoke demons
  A gargoyle (D:11)
  13 vault sentinels
  3 unseen horrors
  2 rime drakes
  6 cane toads
  A komodo dragon (shapeshifter) (Elf:1)
  Psyche (D:11)
  A komodo dragon (Lair:5)
  4 tengu conjurers
  10 yaktaurs
  A merfolk (shapeshifter) (Vaults:5)
  6 tyrant leeches
  A polar bear (Lair:5)
  6 trolls
  A tarantella (Vaults:4)
  3 dream sheep (Lair:5)
  A troll (shapeshifter) (Elf:1)
  16 hornets
  7 blink frogs
  4 raiju (Abyss:3)
  A blink frog (shapeshifter) (D:15)
  5 slime creatures
  4 air elementals
  2 culicivoras (shapeshifter)
  8 water elementals
  15 yaks
  13 spriggans
  2 ettin skeletons (Vaults:2)
  2 fire elementals
  A hog (shapeshifter) (Vaults:5)
  4 large abominations
  5 wraiths
  A basilisk (Lair:3)
  2 redbacks (Vaults:4)
  A human (D:13)
  3 chaos spawn
  18 vampire mosquitoes
  7 swamp worms
  46 nagas
  9 water moccasins
  An acid dragon (D:14)
  9 swamp drakes
  2 black bears
  4 orc warriors
  2 ogres
  4 boggarts (Lair:5)
  6 small abominations
  11 wolves
  A wolf (shapeshifter) (Vaults:5)
  4 centaurs (D:15)
  5 earth elementals
  3 bullfrogs
  4 human skeletons (Vaults:2)
  3 wights (D:10)
  A hornet simulacrum (D:14)
  2 killer bees (D:10)
  A crimson imp (Abyss:3)
  An orc priest (Orc:1)
  17 orc wizards
  2 white imps (Abyss:3)
  21 orcs
1245 creatures vanquished.

Vanquished Creatures (others)
  A death cob (Zot:4)
  A dancing weapon (Elf:1)
  A deep elf knight (Elf:1)
  2 deep elf zephyrmancers (Elf:1)
  A naga (Snake:4)
  An ogre (D:13)
  17 foxfires
24 creatures vanquished.

Grand Total: 2151 creatures vanquished

Notes
Turn   | Place    | Note
-------+----------+-------------------------------------------
     0 | D:1      | MrSquiggles the Barachi Monk began the quest for the Orb.
     0 | D:1      | Reached XP level 1. HP: 18/18 MP: 1/1
    51 | D:1      | Found a faded altar of an unknown god.
   113 | D:1      | Reached XP level 2. HP: 25/25 MP: 2/2
   458 | D:1      | Reached XP level 3. HP: 30/30 MP: 3/3
  1260 | D:2      | Reached skill level 5 in Dodging
  1412 | D:2      | Reached XP level 4. HP: 34/37 MP: 4/4
  1714 | D:3      | Gained mutation: You are resistant to electric shocks.
                  | (rElec) [potion of mutation]
  1929 | D:3      | Reached XP level 5. HP: 39/42 MP: 5/5
  2071 | D:3      | Identified the ring "Lyaduymohu" {Str+4 Int+2 Dex-2 SInv}
  2171 | D:3      | Learned a level 2 spell: Passwall
  2432 | D:3      | Reached skill level 1 in Transmutations
  2432 | D:3      | Reached skill level 1 in Earth Magic
  2545 | D:3      | Reached XP level 6. HP: 48/48 MP: 6/6
  3272 | D:4      | Reached XP level 7. HP: 53/53 MP: 7/7
  3287 | D:4      | Noticed Robin
  3301 | D:4      | Killed Robin
  3513 | D:4      | Found a shimmering altar of Xom.
  3617 | D:4      | Found Oqay's Magic Scroll Emporium.
  3631 | D:4      | Bought a scroll of identify for 24 gold pieces
  3631 | D:4      | Bought a scroll of fog for 48 gold pieces
  3631 | D:4      | Bought a scroll of fear for 48 gold pieces
  3942 | D:5      | Entered Level 5 of the Dungeon
  4189 | D:5      | Found a glowing drain.
  4197 | Sewer    | Entered a sewer
  4343 | D:5      | Reached XP level 8. HP: 60/60 MP: 8/8
  4790 | D:6      | Reached skill level 5 in Polearms
  5077 | D:6      | Found a broken altar of Ashenzari.
  5383 | D:6      | Reached XP level 9. HP: 65/65 MP: 9/9
  5964 | D:7      | Found a staircase to the Ecumenical Temple.
  5970 | Temple   | Entered the Ecumenical Temple
  5991 | Temple   | Became a worshipper of Makhleb the Destroyer
  5991 | Temple   | Reached * piety under Makhleb
  5991 | Temple   | Reached ** piety under Makhleb
  6055 | D:7      | Reached skill level 1 in Invocations
  6639 | D:7      | HP: 2/65 [water moccasin (5)]
  7111 | D:7      | Reached XP level 10. HP: 36/71 MP: 13/13
  7466 | D:8      | Reached skill level 5 in Invocations
  8427 | D:8      | Found Veuzing's Serpentskin Sales.
  8433 | D:8      | Bought a +0 robe of poison resistance for 51 gold pieces
  8433 | D:8      | Bought a scroll of poison for 44 gold pieces
  8667 | D:8      | Identified the +10 scale mail of Absence {Str+2}
  9401 | D:9      | Reached skill level 10 in Polearms
 10325 | D:9      | Noticed a two-headed ogre
 10691 | D:9      | Upgraded the game from 0.31-a0-654-gbe3e110b4e to
                  | 0.31-a0-656-gb4d89c20fa
 10903 | D:9      | Reached *** piety under Makhleb
 10921 | D:9      | Reached XP level 11. HP: 24/76 MP: 17/17
 11136 | D:9      | Killed a two-headed ogre
 11403 | D:9      | Found a staircase to the Orcish Mines.
 11610 | D:10     | Entered Level 10 of the Dungeon
 11762 | D:10     | Found Uxkuptaj's Magic Scroll Emporium.
 11773 | D:10     | Reached skill level 10 in Summonings
 11773 | D:10     | Reached XP level 12. HP: 68/83 MP: 18/18
 11777 | D:10     | Learned a level 2 spell: Wereblood
 11965 | D:10     | Identified the +1 leather armour of Lien Fei {+Blink}
 12004 | D:10     | Reached skill level 1 in Ice Magic
 12480 | D:10     | Found a staircase to the Lair.
 12761 | D:10     | Learned a level 4 spell: Summon Ice Beast
 13148 | Lair:1   | Entered Level 1 of the Lair of Beasts
 13303 | Lair:1   | Reached skill level 11 in Summonings
 13617 | Lair:1   | Gained mutation: You can hop long distances. [Barachi
                  | growth]
 13617 | Lair:1   | Reached XP level 13. HP: 88/88 MP: 19/19
 13631 | Lair:1   | Reached **** piety under Makhleb
 13632 | Lair:1   | Reached skill level 12 in Summonings
 14453 | Lair:2   | Learned a level 3 spell: Call Canine Familiar
 14775 | Lair:2   | Reached skill level 13 in Summonings
 15442 | Lair:2   | Found a staircase to the Swamp.
 15527 | Lair:2   | Noticed Amaemon
 15538 | Lair:2   | Killed Amaemon
 15637 | Lair:2   | Found a staircase to the Snake Pit.
 16029 | Lair:2   | Noticed Fannar
 16314 | Lair:2   | Killed Fannar
 17218 | Lair:3   | Reached skill level 5 in Fighting
 17392 | Lair:3   | Reached skill level 14 in Summonings
 17931 | Lair:3   | Reached skill level 10 in Dodging
 18534 | Lair:4   | Found a viscous altar of Jiyva.
 18534 | Lair:4   | Found a staircase to the Slime Pits.
 18664 | Lair:4   | Found a dark tunnel.
 18679 | Volcano  | Entered a volcano
 18697 | Volcano  | Reached XP level 14. HP: 74/101 MP: 7/20
 20946 | Lair:5   | Entered Level 5 of the Lair of Beasts
 21342 | Lair:5   | Reached skill level 15 in Summonings
 22765 | Lair:5   | Reached skill level 16 in Summonings
 23040 | Lair:5   | Reached skill level 10 in Fighting
 23113 | Lair:5   | Reached skill level 1 in Spellcasting
 23369 | Lair:5   | Reached XP level 15. HP: 108/117 MP: 21/21
 24425 | Lair:5   | Reached ***** piety under Makhleb
 24753 | Orc:1    | Entered Level 1 of the Orcish Mines
 24843 | Orc:2    | Entered Level 2 of the Orcish Mines
 25565 | D:10     | Bought a scroll of identify for 30 gold pieces
 25680 | Orc:2    | Found Buveegir's Antique Weapon Shoppe.
 25690 | Orc:1    | Noticed an orc warlord
 25708 | Orc:1    | Killed an orc warlord
 25709 | Orc:1    | Reached skill level 5 in Spellcasting
 26066 | Orc:2    | Found a staircase to the Elven Halls.
 26149 | Orc:2    | Found a radiant altar of Vehumet.
 26149 | Orc:2    | Noticed Erolcha
 26158 | Orc:2    | Killed Erolcha
 26179 | Orc:2    | Found Jiwaucue's Book Shoppe.
 26209 | Orc:2    | Noticed Nergalle
 26248 | Orc:2    | Killed Nergalle
 26436 | Orc:2    | Found Buaqie's Jewellery Shoppe.
 26454 | Orc:2    | Found an ancient bone altar of Kikubaaqudgha.
 26484 | Orc:2    | Found Xasirhae's Magic Scroll Shoppe.
 26534 | Orc:2    | Found Wyint's Antique Weapon Emporium.
 26753 | Orc:2    | Bought a book of the Wilderness for 646 gold pieces
 26777 | Orc:2    | Bought an amulet of regeneration for 450 gold pieces
 26813 | Orc:2    | Bought a scroll of enchant armour for 90 gold pieces
 26813 | Orc:2    | Bought a scroll of enchant weapon for 90 gold pieces
 26818 | Orc:2    | Bought a scroll of identify for 24 gold pieces
 27026 | D:11     | Learned a level 6 spell: Summon Cactus Giant
 27032 | D:11     | Learned a level 5 spell: Summon Mana Viper
 27246 | D:11     | Noticed Psyche
 27249 | D:11     | Killed Psyche
 27460 | D:11     | Noticed Snorg
 27468 | D:11     | Killed Snorg
 27960 | D:12     | Reached skill level 1 in Hexes
 28250 | D:12     | Upgraded the game from 0.31-a0-656-gb4d89c20fa to
                  | 0.31-a0-662-g684573625c
 28349 | D:12     | Found a white marble altar of Elyvilon.
 29219 | D:13     | You fall into a shaft and drop 2 floors!
 29219 | D:15     | Entered Level 15 of the Dungeon
 29277 | D:14     | Found a sparkling altar of Nemelex Xobeh.
 29616 | D:14     | Reached XP level 16. HP: 129/129 MP: 23/27
 30418 | D:13     | Found a gate to the Vaults.
 30452 | D:13     | Learned a level 7 spell: Summon Hydra
 30570 | D:15     | Found a staircase to the Depths.
 31057 | D:15     | Noticed Roxanne
 32281 | D:15     | Reached skill level 17 in Summonings
 32744 | Swamp:1  | Entered Level 1 of the Swamp
 32757 | Swamp:1  | Reached skill level 10 in Invocations
 33191 | Swamp:1  | Reached ****** piety under Makhleb
 35361 | Swamp:3  | Noticed a thorn hunter
 35460 | Swamp:3  | Killed a thorn hunter
 35497 | Swamp:3  | Reached skill level 18 in Summonings
 35519 | Swamp:3  | Reached XP level 17. HP: 107/138 MP: 26/29
 36639 | Swamp:4  | Entered Level 4 of the Swamp
 38289 | Swamp:4  | Reached skill level 19 in Summonings
 39264 | Swamp:4  | Found a runed translucent door.
 39278 | Swamp:4  | Noticed Loveship's ghost (adept NaSh)
 39279 | Swamp:4  | Identified the +7 spear of Bloody Death {heavy, *Corrode
                  | rC+ rN+}
 39281 | Swamp:4  | Noticed a tentacled monstrosity
 39681 | Swamp:4  | Noticed the 27-headed Lernaean hydra
 39690 | Swamp:4  | Killed the 27-headed Lernaean hydra
 39760 | Swamp:4  | Got a decaying rune of Zot
 39786 | Swamp:4  | Identified the staff "Immo" {rElec rC+ Str+4 Ice}
 40076 | Snake:1  | Entered Level 1 of the Snake Pit
 40536 | Snake:1  | Reached skill level 15 in Fighting
 40542 | Snake:1  | Reached XP level 18. HP: 112/149 MP: 7/31
 41158 | Snake:1  | Reached skill level 20 in Summonings
 41205 | Snake:1  | Noticed Donald
 41232 | Snake:1  | Killed Donald
 42244 | Snake:2  | Found Zairec Wixa's Assorted Antiques.
 42247 | Snake:2  | Found Kumar's Armour Shop.
 42247 | Snake:2  | Found Judek's General Store.
 42263 | Snake:2  | Found Gomaick's Antique Armour Shop.
 42289 | Snake:2  | Bought a runed helmet for 292 gold pieces
 42522 | Snake:2  | Reached skill level 15 in Dodging
 43050 | Snake:3  | Found Etent's Assorted Antiques.
 43166 | Snake:3  | Found Diude's Jewellery Emporium.
 43971 | Snake:4  | Entered Level 4 of the Snake Pit
 44256 | Snake:4  | Reached skill level 21 in Summonings
 45042 | Snake:4  | Reached XP level 19. HP: 152/157 MP: 25/32
 45512 | Snake:4  | HP: 5/157 [naga sharpshooter/bolt (18)]
 46732 | Snake:4  | Learned a level 8 spell: Summon Horrible Things
 47266 | Snake:4  | Got a serpentine rune of Zot
 47547 | Elf:1    | Entered Level 1 of the Elven Halls
 47768 | Elf:1    | Found a radiant altar of Vehumet.
 47778 | Elf:1    | Noticed Agnes
 47788 | Elf:1    | Reached skill level 22 in Summonings
 47804 | Elf:1    | Found Ibbykh's Antique Weapon Shop.
 47888 | Elf:1    | Found Yteg's Magic Scroll Emporium.
 47904 | Elf:1    | Bought a runed demon trident for 432 gold pieces
 48057 | Elf:1    | Found Facahaac's Book Shoppe.
 48060 | Elf:1    | Bought a scroll of enchant armour for 75 gold pieces
 48330 | Elf:1    | Found a portal to a secret trove of treasure.
 48351 | Elf:1    | Identified the staff of Diet Blood {rF- Will+ rCorr Dex+2
                  | Earth}
 48841 | Orc:2    | Bought a scroll of fear for 48 gold pieces
 48938 | Elf:1    | Bought a scroll of fear for 40 gold pieces
 48938 | Elf:1    | Bought a scroll of fear for 40 gold pieces
 48969 | Elf:1    | You paid a toll of 6 scrolls of fear to enter a treasure
                  | trove
 48970 | Trove    | Entered a treasure trove
 48980 | Trove    | Identified the +1 sling of the Endless Expanse {venom,
                  | Int+5}
 48990 | Trove    | Identified the +6 dagger "Giat" {protect, Dex+3}
 48991 | Trove    | Identified the +1 hand axe "Laemac" {protect, Str+3}
 49000 | Trove    | Identified the +9 sling of the Carved God {chaos, SInv}
 49002 | Trove    | Identified the +8 hand axe "Ythyolo" {chaos, rElec Will+
                  | Stlth-}
 49230 | Elf:1    | Noticed Asterion
 49246 | Elf:1    | Found Reddut's Armour Shoppe.
 49571 | Elf:1    | Killed Agnes
 49592 | Elf:1    | Killed Asterion
 49981 | Elf:1    | Found Ofatz's Jewellery Emporium.
 50791 | Elf:2    | Found Lotiorixu's Antique Weapon Boutique.
 50881 | Elf:2    | Found a huge runed translucent gate.
 50881 | Elf:2    | Found a huge runed translucent gate.
 50881 | Elf:2    | Found a huge runed translucent gate.
 50881 | Elf:2    | Found a huge runed translucent gate.
 50881 | Elf:2    | Found a huge runed translucent gate.
 50999 | Elf:2    | Reached XP level 20. HP: 159/168 MP: 30/33
 51012 | Elf:2    | Paralysed by an air elemental for 1 turns
 51239 | Elf:3    | Entered Level 3 of the Elven Halls
 51331 | Elf:3    | Paralysed by an air elemental for 1 turns
 51336 | Elf:3    | Paralysed by an air elemental for 1 turns
 52037 | Elf:3    | Paralysed by an air elemental for 1 turns
 52230 | Elf:3    | Reached skill level 23 in Summonings
 52338 | Elf:3    | Found an ancient bone altar of Kikubaaqudgha.
 52463 | Elf:3    | Identified the ring "Fupleemm" {Int+5 Dex+6}
 52559 | Abyss:3  | Cast into level 3 of the Abyss (a deep elf sorcerer)
 52567 | Abyss:3  | Found a corrupted altar of Lugonu.
 52611 | Elf:3    | Escaped the Abyss
 53122 | Elf:3    | Noticed a Brimstone Fiend
 53616 | Elf:3    | Identified the +8 scimitar "Odgho" {freeze, Drain Will++
                  | Str+3}
 54094 | Elf:3    | Identified the +1 ice dragon scales of Insecurity {rF- rC++
                  | Int+4}
 54230 | Elf:3    | Identified the staff "Jem Exko" {Str+3 Stlth+ Conj}
 54246 | Elf:3    | Identified the staff "Miedergh" {rF+ rC- Dex+7 Fire}
 54271 | Elf:3    | Identified the +0 rapier of the Thirteen Gods {speed, rF+
                  | rN+ Will+ Int+4}
 54706 | Vaults:1 | Entered Level 1 of the Vaults
 55179 | Vaults:1 | Found Quded's General Store.
 55706 | Vaults:1 | Found Fuv Mooq's Armour Emporium.
 56269 | Vaults:1 | Reached skill level 24 in Summonings
 56396 | Vaults:1 | Reached XP level 21. HP: 86/177 MP: 4/34
 57564 | Vaults:2 | Found a staircase to the Crypt.
 58564 | Vaults:2 | Found a huge runed gate.
 58564 | Vaults:2 | Found a huge runed gate.
 58564 | Vaults:2 | Found a huge runed gate.
 58564 | Vaults:2 | Found a huge runed gate.
 58564 | Vaults:2 | Found a huge runed gate.
 58564 | Vaults:2 | Found a huge runed gate.
 58565 | Vaults:2 | Found a huge runed gate.
 58565 | Vaults:2 | Found a huge runed gate.
 58565 | Vaults:2 | Found a huge runed gate.
 58566 | Vaults:2 | Found a huge runed gate.
 58666 | Vaults:2 | HP: 2/178 [crystal guardian/crystal bolt[a peacekeeper]
                  | (66)]
 59064 | Vaults:1 | Upgraded the game from 0.31-a0-662-g684573625c to
                  | 0.31-a0-664-g902f515a81
 59950 | Vaults:2 | Found a huge runed gate.
 59950 | Vaults:2 | Found a huge runed gate.
 59950 | Vaults:2 | Found a huge runed gate.
 59950 | Vaults:2 | Found a huge runed gate.
 59950 | Vaults:2 | Found a huge runed gate.
 59950 | Vaults:2 | Found a huge runed gate.
 59950 | Vaults:2 | Found a huge runed gate.
 59951 | Vaults:2 | Found a huge runed gate.
 59952 | Vaults:2 | Found a huge runed gate.
 59961 | Vaults:2 | Found a huge runed gate.
 59961 | Vaults:2 | Found a huge runed gate.
 59961 | Vaults:2 | Found a huge runed gate.
 59961 | Vaults:2 | Found a huge runed gate.
 59961 | Vaults:2 | Found a huge runed gate.
 59961 | Vaults:2 | Found a huge runed gate.
 59961 | Vaults:2 | Found a huge runed gate.
 59962 | Vaults:2 | Found a huge runed gate.
 59963 | Vaults:2 | Found a huge runed gate.
 59972 | Vaults:2 | Found a huge runed gate.
 59972 | Vaults:2 | Found a huge runed gate.
 59972 | Vaults:2 | Found a huge runed gate.
 59972 | Vaults:2 | Found a huge runed gate.
 59972 | Vaults:2 | Found a huge runed gate.
 59972 | Vaults:2 | Found a huge runed gate.
 59972 | Vaults:2 | Found a huge runed gate.
 59973 | Vaults:2 | Found a huge runed gate.
 60512 | Vaults:2 | Reached skill level 25 in Summonings
 61107 | Vaults:3 | Found a flickering gateway to a bazaar.
 61123 | Bazaar   | Entered a bazaar
 61144 | Bazaar   | Found Jiudarhu's Book Emporium.
 61173 | Bazaar   | Found Qeroast's Antique Armour Shoppe.
 61189 | Bazaar   | Found Yssiot's Weapon Emporium.
 61237 | Bazaar   | Bought the +3 pair of gauntlets of War {Slay+5} for 665
                  | gold pieces
 61237 | Bazaar   | Found the +3 pair of gauntlets of War {Slay+5}
 61237 | Bazaar   | Bought a pair of embroidered boots for 105 gold pieces
 62346 | Vaults:3 | Identified the +3 dagger "Frog's Curse" {speed, Dex+4}
 63177 | Vaults:4 | Reached XP level 22. HP: 187/187 MP: 31/35
 63215 | Vaults:4 | Reached skill level 10 in Spellcasting
 63355 | Vaults:4 | Noticed a golden dragon
 63635 | Vaults:4 | Killed a golden dragon
 63936 | Vaults:4 | Reached skill level 15 in Invocations
 64693 | Vaults:4 | Noticed Jory
 64709 | Vaults:4 | Killed Jory
 64978 | Vaults:4 | Paralysed by a formless jellyfish for 1 turns
 65335 | Depths:1 | Entered Level 1 of the Depths
 65354 | Depths:1 | Reached skill level 26 in Summonings
 65422 | Depths:1 | Found a gateway to Hell.
 65519 | Depths:1 | Found a one-way gate to the infinite horrors of the Abyss.
 66244 | Depths:2 | Noticed Saint Roka
 66263 | Depths:2 | Killed Saint Roka
 67164 | Depths:2 | Identified a scroll of acquirement
 67165 | Depths:2 | Acquired 989 gold pieces
 67455 | Depths:2 | Found a one-way gate leading to the halls of Pandemonium.
 67763 | Depths:2 | Reached XP level 23. HP: 187/195 MP: 38/38
 69890 | Depths:3 | Found a one-way gateway to a ziggurat.
 69939 | Depths:4 | Entered Level 4 of the Depths
 70341 | Depths:2 | Learned a level 7 spell: Monstrous Menagerie
 70814 | Depths:4 | Reached skill level 27 in Summonings
 71735 | Depths:4 | Noticed a juggernaut
 71742 | Depths:4 | Killed a juggernaut
 71753 | Depths:4 | Learned a level 9 spell: Dragon's Call
 71828 | Depths:4 | Found a gate to the Realm of Zot.
 72122 | Depths:4 | Found Biucosm's Jewellery Emporium.
 72856 | Crypt:1  | Entered Level 1 of the Crypt
 73015 | D:10     | Bought a scroll of fear for 60 gold pieces
 73572 | Vaults:5 | Entered Level 5 of the Vaults
 73581 | Vaults:5 | Noticed an ancient lich
 73596 | Vaults:5 | Noticed a dread lich
 73623 | Vaults:5 | Reached XP level 24. HP: 167/208 MP: 4/39
 73669 | Vaults:5 | Killed a dread lich
 73812 | Vaults:5 | Identified the +9 eveningstar "Yghac" {freeze, Will+}
 73930 | Vaults:5 | Identified the +9 battleaxe of the Shrike {vamp, Will++}
 74703 | Vaults:5 | Identified the +7 war axe of the Sun {heavy, *Corrode Drain
                  | rElec rN+++}
 74741 | Vaults:5 | Identified the +2 robe "Meplaur" {-Tele Rampage rF+ Int+5}
 74762 | Abyss:3  | Cast into level 3 of the Abyss (hell knight)
 74937 | Abyss:3  | Found a corrupted altar of Lugonu.
 74948 | Abyss:3  | Found a corrupted altar of Lugonu.
 74994 | Vaults:5 | Escaped the Abyss
 75008 | Vaults:5 | Got the Omnibus of the Endless Loafs
 75113 | Vaults:5 | Got a silver rune of Zot
 75191 | Vaults:5 | Killed an ancient lich
 75197 | Vaults:5 | Identified the amulet "Veduf" {Rampage Regen+ Int-2 Dex+6
                  | SInv}
 75455 | Vaults:5 | Got the Encyclopedia of Scree and Fulmination
 76182 | Zot:1    | Entered Level 1 of the Realm of Zot
 76598 | Snake:2  | Bought a potion of magic for 200 gold pieces
 76598 | Snake:2  | Bought a scroll of blinking for 187 gold pieces
 76598 | Snake:2  | Bought a potion of resistance for 250 gold pieces
 76898 | Depths:4 | Bought the ring "Vuutir" {rN+ EV+5 Str+6} for 1196 gold
                  | pieces
 77273 | Zot:1    | Reached XP level 25. HP: 160/219 MP: 10/39
 78157 | Zot:1    | Identified the ring "Juytwidgh" {Fly rPois MP-9 Int+3}
 78429 | Zot:2    | Noticed a Killer Klown
 78469 | Zot:2    | Killed a Killer Klown
 79001 | Zot:2    | Noticed an orb of fire
 79026 | Zot:2    | Killed an orb of fire
 79853 | Snake:2  | Bought an embroidered robe for 92 gold pieces
 80844 | Zot:4    | Noticed a Killer Klown
 80866 | Zot:3    | Killed a Killer Klown
 81797 | Zot:4    | Reached XP level 26. HP: 231/231 MP: 23/39
 82517 | Zot:5    | Entered Level 5 of the Realm of Zot
 82635 | Zot:5    | Noticed a dread lich
 83246 | Zot:5    | Noticed an orb of fire
 83249 | Zot:5    | Noticed an orb of fire
 83260 | Zot:5    | Noticed an orb of fire
 83262 | Zot:5    | Noticed an orb of fire
 83262 | Zot:5    | Gained mutation: You occasionally shout uncontrollably at
                  | your foes. [an orb of fire]
 83327 | Zot:5    | Noticed a Killer Klown
 83331 | Zot:5    | Killed a Killer Klown
 83333 | Zot:5    | Noticed a Killer Klown
 83339 | Zot:5    | Killed a Killer Klown
 83342 | Zot:5    | Killed a dread lich
 83356 | Zot:5    | Killed an orb of fire
 83358 | Zot:5    | Noticed an orb of fire
 83442 | Zot:5    | Noticed an orb of fire
 83442 | Zot:5    | Noticed an orb of fire
 83445 | Zot:5    | Gained mutation: You occasionally lose the ability to drink
                  | potions when taking damage. [an orb of fire]
 83446 | Zot:5    | Noticed a Killer Klown
 83448 | Zot:5    | Killed a dread lich
 83452 | Zot:5    | Gained mutation: You are frail. (-10% HP) [an orb of fire]
 83452 | Zot:5    | Gained mutation: Your body sometimes deteriorates upon
                  | taking damage. [an orb of fire]
 83454 | Zot:4    | Lost mutation: You occasionally lose the ability to drink
                  | potions when taking damage. [potion of mutation]
 83454 | Zot:4    | Lost mutation: Your body sometimes deteriorates upon taking
                  | damage. [potion of mutation]
 83454 | Zot:4    | Lost mutation: You are resistant to electric shocks.
                  | (rElec) [potion of mutation]
 83454 | Zot:4    | Gained mutation: You are resistant to electric shocks.
                  | (rElec) [potion of mutation]
 83454 | Zot:4    | Gained mutation: You are weak. (Str -2) [potion of
                  | mutation]
 83454 | Zot:4    | Gained mutation: Your magical capacity is low. (-10% MP)
                  | [potion of mutation]
 83454 | Zot:4    | Gained mutation: Your spells are a little harder to cast,
                  | but a little more powerful. [potion of mutation]
 83799 | Elf:1    | Lost mutation: Your magical capacity is low. (-10% MP)
                  | [potion of mutation]
 83799 | Elf:1    | Lost mutation: You occasionally shout uncontrollably at
                  | your foes. [potion of mutation]
 83799 | Elf:1    | Gained mutation: You expend magic power (3 MP) to
                  | strengthen your wands. [potion of mutation]
 83799 | Elf:1    | Gained mutation: You have hidden genetic potential. [potion
                  | of mutation]
 83800 | Elf:1    | Lost mutation: Your spells are a little harder to cast, but
                  | a little more powerful. [potion of mutation]
 83800 | Elf:1    | Lost mutation: You are frail. (-10% HP) [potion of
                  | mutation]
 83800 | Elf:1    | Lost mutation: You are resistant to electric shocks.
                  | (rElec) [potion of mutation]
 83800 | Elf:1    | Gained mutation: Armour fits poorly on your strangely
                  | shaped body. [potion of mutation]
 83800 | Elf:1    | Lost mutation: You have hidden genetic potential. [potion
                  | of mutation]
 83800 | Elf:1    | Gained mutation: You possess an exceptional clarity of
                  | mind. [potion of mutation]
 83801 | Elf:1    | Lost mutation: You are weak. (Str -2) [potion of mutation]
 83801 | Elf:1    | Lost mutation: You possess an exceptional clarity of mind.
                  | [potion of mutation]
 83801 | Elf:1    | Gained mutation: You are weak. (Str -2) [potion of
                  | mutation]
 83801 | Elf:1    | Gained mutation: You are partially covered in large bone
                  | plates. (SH +4) [potion of mutation]
 84153 | Zot:5    | Gained mutation: You are occasionally teleported next to
                  | monsters. [an orb of fire]
 84159 | Zot:5    | Killed an orb of fire
 84159 | Zot:5    | Killed an orb of fire
 84196 | Zot:5    | Noticed a Killer Klown
 84215 | Zot:5    | Killed a Killer Klown
 84742 | Zot:5    | Killed an orb of fire
 84786 | Zot:5    | Noticed a Killer Klown
 84794 | Zot:5    | Noticed a dread lich
 85144 | Zot:5    | Lost mutation: You are partially covered in large bone
                  | plates. (SH +4) [potion of mutation]
 85144 | Zot:5    | Lost mutation: You are weak. (Str -2) [potion of mutation]
 85144 | Zot:5    | Lost mutation: You are occasionally teleported next to
                  | monsters. [potion of mutation]
 85144 | Zot:5    | Gained mutation: You have supernaturally acute eyesight.
                  | (SInv) [potion of mutation]
 85198 | Zot:5    | Killed a Killer Klown
 85370 | Zot:5    | Killed an orb of fire
 85460 | Zot:5    | Killed an orb of fire
 85653 | Zot:5    | Killed an orb of fire
 85854 | Zot:5    | Killed a dread lich
 85945 | Zot:5    | Noticed a dread lich
 85951 | Zot:5    | Killed a dread lich
 85952 | Zot:5    | Reached XP level 27. HP: 234/244 MP: 15/39
 87414 | Snake:2  | Bought a potion of heal wounds for 55 gold pieces
 87417 | Snake:2  | Learned a level 2 spell: Blink
 87864 | Zot:5    | Got the Orb of Zot
 88298 | D:$      | Escaped with the Orb!

Illustrated notes

Levels and vault maps discovered:
D:1:      dpeg_arrival_round_a, layout_basic,
          shapermc_ecumenical_altar_starsandcircs, st_stairs_7
D:2:      layout_rooms, serial_bayou_pond_d, minivault_4
D:3:      layout_basic, st_stairs_7
D:4:      layout_loops_cross, overflow_temple_1_default, serial_shops,
          nicolae_shop_tiny_statue_garden, uniq_robin
D:5:      layout_basic, portal_sewer_entry_e
D:6:      layout_basic, ashenzari_conservatory_becter, minmay_lizard_king
D:7:      layout_rooms, minmay_temple_entry_wispy
D:8:      layout_cave_pools, serial_co_window_serial, co_window_paths_b,
          co_window_corner_a, co_window_corner_a, co_window_corner_a,
          co_window_paths_a, co_window_of_opportunity_a, co_window_paths_a,
          co_window_cross_1, co_window_paths_b, co_window_corner_ca,
          co_window_corner_b, co_window_corner_b, co_window_2corner,
          co_window_of_opportunity_c, co_window_4corner_a, co_window_4corner_b,
          nicolae_ossuary_entry_monument, guppyfry_shop_venom
D:9:      layout_basic, erik_orc_2
D:10:     layout_stronghold, lair_entry_dummy, serial_shops, shop, serial_glass,
          glass_columns_c, glass_columns_b
D:11:     layout_gridville, uniq_psyche, uniq_snorg
D:12:     layout_cross, hangedman_decor_peaks_small, kennysheep_nub,
          nicolae_elyvilon_peaceful_grove
D:13:     layout_rooms, grunt_vaults_entry_fortified
D:14:     layout_roguey, nemelex_xobeh_ov_fountains_minmay, minivault_20,
          minivault_12
D:15:     grunt_enter_depths_giant_problem, layout_basic, pond, uniq_roxanne
Temple:   nicolae_temple_slightly_damp_pantheon
Lair:1:   layout_chaotic_city
Lair:2:   layout_roguey, swamp_mist, minmay_snake_entry_six_corridors,
          uniq_amaemon, uniq_fannar
Lair:3:   layout_layer_cave, serial_bayou_pond_a
Lair:4:   layout_cave_pods, minmay_slime_entry_oklob_open,
          nicolae_volcano_entry_lava_flow, nicolae_lair_grove_arrangements
Lair:5:   minmay_lair_end_enchanted_forest, layout_misc_corridors,
          kilobyte_rumbling_trees, grunt_megastairs_4
Swamp:1:  layout_falls_marsh, evilmike_swamp_ruin_rubble_2
Swamp:2:  layout_basic_swamp, evilmike_swamp_ruin_house_6
Swamp:3:  layout_falls_marsh, hangedman_swamp_ruin_wall
Swamp:4:  grunt_swamp_rune_castle, layout_basic_swamp,
          ebering_ghost_funeral_grove, swamp_pool1, hangedman_swamp_cone
Snake:1:  layout_basic, dpeg_stationary_puzzle, uniq_donald
Snake:2:  layout_onion, grunt_megastairs_1, minmay_shoptagon
Snake:3:  layout_rooms, nicolae_snake_double_loop, grunt_ministairs_2,
          minmay_shop_star, serial_bayou_shore_b
Snake:4:  grunt_snake_rune_pools, layout_layer_cave, grunt_megastairs_3
Orc:1:    layout_caves, basic_altar
Orc:2:    kennysheep_orc_mage_school, layout_caves, basic_altar, serial_shops,
          shop
Elf:1:    eino_elf_arrival_altar, layout_rooms, serial_shops, shop, shop,
          nicolae_shop_hallway_stairs, shop, shop, enter_trove_2,
          kennysheep_underground_church, minmay_fountain_box,
          hangedman_elven_ridges, lemuel_flame_loot_1, uniq_asterion, uniq_agnes
Elf:2:    elven_hall_of_blades_hangedman_alternative
          [nicolae_blade_entry_area_security], layout_geoelf_octagon,
          serial_shops, nicolae_shop_crystal, drop_trap
Elf:3:    elf_hall_gauntlet_narrow, layout_geoelf_octagon, st_stairs_13,
          guppyfry_elf_altar
Vaults:1: nicolae_vaults_storage_room_water, v_pattern_1, ontoclasm_vaults_spin,
          vaults_mumra_chevron_long, nicolae_vaults_little_squares_3, v_misc_28,
          nicolae_vaults_closet_pinwheel_5, nicolae_vaults_ninety_degrees,
          nicolae_vaults_tetromino_T_2, nicolae_vaults_little_squares_2,
          nicolae_vaults_diamond_1, nicolae_vaults_closet_pinwheel_1,
          layout_vaults_big_cross, serial_shops, nicolae_shop_statue_plus, shop
Vaults:2: v_misc_28, door_vault, v_misc_8, nicolae_vaults_mini_display_case,
          minmay_crypt_entry_skeletal_spiral, v_misc_26, vaults_mumra_lcd,
          nicolae_vaults_diamond_1, nicolae_vaults_diamond_1,
          nicolae_vaults_sesquioval_fish, nicolae_vaults_tetromino_T_2,
          nicolae_vaults_alarming, layout_vaults_quadrants
Vaults:3: v_misc_2, nicolae_vaults_surprise_closet,
          nicolae_vaults_storage_closets_1, nicolae_vaults_layer_cake_slice,
          serial_ice_g, layout_vaults_chaotic_city, serial_shops,
          bzr_entry_dummy
Vaults:4: dpeg_vaults_monster_row, nicolae_vaults_wrenched, st_spiral_rooms,
          v_misc_31, vaults_room_fancy_cross, nicolae_vaults_closet_pinwheel_4,
          nicolae_vaults_trapezoid_2, nicolae_vaults_trapezoid_4,
          nicolae_vaults_tetromino_Z_2, nicolae_vaults_more_shelving_1,
          nicolae_vaults_big_angled_halls, nicolae_vaults_little_squares_6,
          layout_vaults_omnibox, uniq_jory
Vaults:5
Crypt:1:  layout_misc_corridors, grunt_crypt_arrival_guarded_gate,
          grunt_megastairs_5, lemuel_upstairs_altar
Depths:1: layout_cave_pools, abyss_entry, hell_entry, kennysheep_crisscross,
          hangedman_decor_push, kennysheep_inner_square
Depths:2: hangedman_stitches_corridor, layout_basic, minmay_misc_feat_encased,
          rand_demon_pan_entry_9, hell_entry, uniq_saint_roka
Depths:3: nicolae_cairo_tiling_very_big, layout_cave_shapes, enter_ziggurat_b,
          minmay_room_of_horrors, pf_hell_entry_tar_spiral,
          kennysheep_cross_room, chequers_serial_rivers_micro_a, drop_trap
Depths:4: evilmike_zot_entry_diamond, layout_cave_shapes, patterned_corridor,
          pan_entry, abyss_entry_crystal, serial_shops, shop, hell_entry
Zot:1:    layout_gridlike, st_large_dragon_hoard_4
Zot:2:    layout_basic
Zot:3:    layout_misc_corridors
Zot:4:    grunt_deathspiral_small, layout_onion_interference
Zot:5:    layout_cathedral_of_symmetry

Skill      XL: |  1  2  3  4  5  6  7  8  9 10 11 12 13 14 15 16 17 18 19 20 21 22 23 24 25 26 27 |
---------------+----------------------------------------------------------------------------------+-----
Dodging        | 4 5 6 7 9 10 12 13 14 15 16 17 18 19 20 21 22 24 | 24.4
Transmutations | 1 3 4 |  4.0
Earth Magic    | 1 3 |  3.0
Polearms       | 4 7 9 10 11 12 14 | 14.0
Invocations    | 4 8 9 10 11 12 13 14 15 16 17 18 20 | 20.4
Summonings     | 10 11 14 16 18 19 21 22 24 25 26 27 | 27.0
Ice Magic      | 4 |  4.0
Fighting       | 6 10 12 13 15 16 17 18 19 21 22 24 25 26 | 26.0
Spellcasting   | 2 7 8 9 11 12 | 12.0
Hexes          | 2 |  2.0

Action                     |  1- 3 |  4- 6 |  7- 9 | 10-12 | 13-15 | 16-18 | 19-21 | 22-24 | 25-27 || total
---------------------------+-------+-------+-------+-------+-------+-------+-------+-------+-------++-------
  Melee: Spear             |   130 |   125 |       |       |       |       |       |       |       ||   255
         Hand axe          |       |    69 |   260 |   165 |       |       |       |       |       ||   494
         Trident           |       |     3 |       |   394 |  1286 |   498 |   103 |       |       ||  2284
         Demon trident     |       |       |       |       |       |       |   634 |   576 |   256 ||  1466
  Throw: Dart              |       |     6 |    25 |    31 |    41 |     1 |     3 |     3 |     2 ||   112
         Throwing net      |       |       |     1 |       |       |       |       |       |       ||     1
   Cast: Passwall          |       |       |       |     2 |     1 |       |     1 |       |     8 ||    12
         Summon Ice Beast  |       |       |       |     6 |   100 |       |     2 |       |       ||   108
         Wereblood         |       |       |       |     6 |    20 |       |       |       |       ||    26
         Call Canine Famil |       |       |       |       |   129 |    28 |     7 |     3 |       ||   167
         Summon Cactus Gia |       |       |       |       |    29 |   140 |   134 |    37 |    12 ||   352
         Summon Mana Viper |       |       |       |       |    13 |   105 |   149 |    29 |    17 ||   313
         Summon Hydra      |       |       |       |       |       |   129 |   112 |   120 |     2 ||   363
         Summon Horrible T |       |       |       |       |       |       |    94 |    70 |    71 ||   235
         Monstrous Menager |       |       |       |       |       |       |       |    25 |     1 ||    26
         Dragon's Call     |       |       |       |       |       |       |       |    22 |    55 ||    77
 Invoke: Minor Destruction |       |       |    11 |    94 |    23 |     2 |     1 |       |       ||   131
         Lesser Servant of |       |       |       |    12 |    40 |    15 |    13 |       |       ||    80
         Major Destruction |       |       |       |       |     4 |    17 |    17 |    13 |       ||    51
         Greater Servant o |       |       |       |       |       |       |     3 |     6 |     6 ||    15
Ability: Hop               |       |     5 |     5 |     7 |    15 |    10 |    11 |    12 |    11 ||    76
  Evoke: Wand              |       |       |     2 |       |    22 |    16 |     9 |     5 |     3 ||    57
    Use: Potion            |       |     5 |     3 |     3 |     1 |     3 |     8 |    14 |    18 ||    55
         Scroll            |       |     1 |     5 |    10 |    12 |     5 |    16 |    17 |    15 ||    81
   Stab: Distracted        |       |       |       |     2 |    22 |    15 |    20 |    14 |    17 ||    90
         Invisible         |       |       |       |       |     3 |       |       |       |       ||     3
 Armour: Robe              |    35 |    40 |    87 |    83 |   242 |   390 |   336 |   261 |   167 ||  1641
  Dodge: Dodged            |    97 |   117 |   236 |   319 |   651 |   470 |   435 |   325 |   299 ||  2949
  Block: Orb               |       |       |       |       |       |       |       |       |     3 ||     3

Table legend: (Time is in decaauts)
 A = Elapsed time spent in this place.
 B = Non-inter-level travel time spent in this place.
 C = Inter-level travel time spent in this place.
 D = Time resting spent in this place.
 E = Time spent auto-exploring this place.
 F = Levels seen in this place.
 G = Mean time per level.
                   A        B        C        D        E       F      G
               +--------+--------+--------+--------+--------+-----+--------+
         Total |  95063 |  83911 |  11152 |  26671 |  34345 |  55 | 1728.4 |
       Dungeon |  23933 |  19872 |   4061 |   4593 |  10009 |  15 | 1595.5 |
        Temple |     50 |      2 |     48 |      0 |      0 |   1 |   50.0 |
          Lair |  12456 |  11557 |    899 |   3826 |   5281 |   5 | 2491.2 |
         Swamp |   7500 |   7300 |    200 |   4232 |   1920 |   4 | 1875.0 |
     Snake Pit |   8015 |   7441 |    574 |   2001 |   3713 |   4 | 2003.8 |
  Orcish Mines |   2788 |   2134 |    654 |    584 |    952 |   2 | 1394.0 |
   Elven Halls |   6672 |   6323 |    349 |   2438 |   1402 |   3 | 2224.0 |
        Vaults |  14066 |  12554 |   1512 |   3689 |   4726 |   5 | 2813.2 |
         Crypt |     53 |     50 |      3 |      0 |      0 |   1 |   53.0 |
        Depths |   8410 |   6935 |   1475 |   2349 |   3045 |   4 | 2102.5 |
           Zot |  10158 |   8785 |   1373 |   2777 |   3193 |   5 | 2031.6 |
         Abyss |    286 |    286 |      0 |     45 |      5 |   2 |  143.0 |
        Bazaar |    200 |    200 |      0 |      0 |     96 |   1 |  200.0 |
         Trove |     60 |     60 |      0 |      0 |      0 |   1 |   60.0 |
         Sewer |    111 |    111 |      0 |      4 |      0 |   1 |  111.0 |
       Volcano |    297 |    297 |      0 |    131 |      0 |   1 |  297.0 |
               +--------+--------+--------+--------+--------+-----+--------+

Top non-repeatable levels by time:
Vaults:2: 3954 daAuts
Depths:2: 3791 daAuts
  Lair:5: 3660 daAuts
Vaults:1: 3430 daAuts
 Snake:4: 3284 daAuts
 Swamp:4: 3218 daAuts
   Elf:3: 3174 daAuts
   Zot:5: 3158 daAuts
     D:9: 3089 daAuts
  Lair:2: 2953 daAuts
   Zot:4: 2591 daAuts
Vaults:4: 2455 daAuts
   Elf:1: 2339 daAuts
    D:10: 2229 daAuts
Vaults:5: 2211 daAuts
